 Dungeon Crawl Stone Soup version 0.30-a0-263-ge22c4ad894 (webtiles) character file.

Game seed: 2667656882012788632

11 sscrono2 the Sneak (level 2, 0/21 HPs)
             Began as an Octopode Delver on Oct 13, 2022.
             Slain by an orc
             ... wielding a +0 short sword
              (3 damage)
             ... on level 5 of the Dungeon.
             The game lasted 00:00:21 (101 turns).

sscrono2 the Sneak (Octopode Delver)                 Turns: 101, Time: 00:00:21

Health: 0/21       AC:  1    Str: 11    XL:     2   Next: 25%
Magic:  2/2        EV: 13    Int: 12    God:
Gold:   18         SH:  0    Dex: 13    Spells: 1/1 levels left

rFire   . . .      SeeInvis .      - Unarmed
rCold   . . .      Faith    .    (no shield)
rNeg    . . .      Spirit   .    (helmet restricted)
rPois   .          Reflect  .    (no amulet)
rElec   .          Harm     .    (no ring)
rCorr   .          Rampage  .    (no ring)
Will    .....                    (no ring)
Stlth   ++........               (no ring)
HPRegen 0.23/turn                (no ring)
MPRegen 0.08/turn                (no ring)
                                 (no ring)
                                 (no ring)

@: confused
A: almost no armour, amphibious, 8 rings, camouflage 1, gelatinous body 1,
(nimble swimmer 1), tentacles
a: no special abilities


You were on level 5 of the Dungeon.
You visited 1 branch of the dungeon, and saw 1 of its levels.

You collected 18 gold pieces.

Inventory:

Wands
 e - a wand of digging (3)
Scrolls
 a - a scroll of fog
 b - a scroll of magic mapping
 c - a scroll of fear
 f - a scroll of poison {unknown}
 g - a scroll of identify {unknown}
Potions
 d - a potion of haste
 h - a potion of degeneration {unknown}


   Skills:
 - Level 3.0 Fighting
 - Level 2.0 Dodging
 - Level 6.6 Stealth
 + Level 2.9 Unarmed Combat


You had one spell level left.
You didn't know any spells.
Your spell library was empty.

Dungeon Overview and Level Annotations

Branches:
Dungeon (5/15)
 Temple: D:4-7

Altars:
Kikubaaqudgha


Innate Abilities, Weirdness & Mutations

You cannot wear most types of armour.
You are amphibious.
You can wear up to eight rings at the same time.
Your skin changes colour to match your surroundings (Stealth+).
Your rubbery body absorbs attacks. (AC +1, EV +1)
((You are camouflaged when in or above water. (Stealth+)))
You have tentacles for arms and can constrict up to eight enemies at once.


Message History

An orc comes into view.
It is wielding a +0 club. 2 orcs come into view.
An orc wizard and an orc come into view.
The orc shouts! x2; The orc wizard shouts!
The orc shouts! x2
You closely miss the orc. You grab the orc. You constrict the orc.
The orc closely misses you.
You tentacle-slap the orc.
You kill the orc!
You tentacle-slap the orc wizard but do no damage.
Your grab misses the orc wizard. Your squeeze misses the orc wizard.
The orc wizard closely misses you.
You tentacle-slap the orc wizard but do no damage.
You grab the orc wizard.
You constrict the orc wizard, but do no damage.
You tentacle-slap the orc wizard but do no damage.
You squeeze the orc wizard.
The orc wizard is heavily wounded.
You constrict the orc wizard.
The orc wizard escapes!
You tentacle-slap the orc wizard. You grab the orc wizard.
Your squeeze misses the orc wizard.
The orc wizard is almost dead.
You constrict the orc wizard. The orc closely misses you.
The orc wizard gestures at you while chanting.
You are confused.
You are too confused!
You release your grip on the orc wizard.
The orc wizard gestures at you while chanting.
The puff of flame hits you!
Ouch! That really hurt!
You miss the orc wizard.
The orc wizard is almost dead.
The orc wizard barely misses you. The orc hits you with a +0 short sword.
Unknown command.
The orc wizard hits you with a +0 dagger.
* * * LOW HITPOINT WARNING * * *
The orc closely misses you.
Unknown command.
Unknown command.
You bump into the rock wall.
The orc hits you with a +0 short sword.
You die...

.P......'....... #......
#...P...#....... #......
##......#######. #......
..........# #....##
..........# #....#.
_..##.....# #....#. ...
#.....# ...#....#.
######.o...+ ...#....#.
......ooo@..# #.##....#'
......####....###.#####...
...... #....#...#...#...
..... +....+...#...#...
..... #....#...#...#...
.... ###....###'###'#...
+### #<.................
+.....[............
#..................


You could see an orc wizard and 3 orcs.

Vanquished Creatures
  An adder (D:5)
  An orc (D:5)
2 creatures vanquished.

Notes
Turn   | Place    | Note
-------+----------+-------------------------------------------
     0 | D:5      | sscrono2 the Octopode Delver began the quest for the Orb.
     0 | D:5      | Reached XP level 1. HP: 16/16 MP: 1/1
    63 | D:5      | Reached XP level 2. HP: 20/21 MP: 2/2
    78 | D:5      | Found an ancient bone altar of Kikubaaqudgha.
   101 | D:5      | Slain by an orc

Illustrated notes

Levels and vault maps discovered:
D:5:      layout_gridville, kiku_gazebo_garden_becter

Action                   || total
-------------------------++-------
Melee: Unarmed           ||    10
       Constrict         ||     4
       Tentacles         ||     1
 Stab: Sleeping          ||     1
Dodge: Dodged            ||     7

Table legend: (Time is in decaauts)
 A = Elapsed time spent in this place.
 B = Non-inter-level travel time spent in this place.
 C = Inter-level travel time spent in this place.
 D = Time resting spent in this place.
 E = Time spent auto-exploring this place.
 F = Levels seen in this place.
 G = Mean time per level.
                   A        B        C        D        E       F      G
               +--------+--------+--------+--------+--------+-----+--------+
         Total |    100 |    100 |      0 |      0 |     69 |   1 |  100.0 |
       Dungeon |    100 |    100 |      0 |      0 |     69 |   1 |  100.0 |
               +--------+--------+--------+--------+--------+-----+--------+

Top non-repeatable levels by time:
     D:5: 100 daAuts
